 Dungeon Crawl Stone Soup version 0.30-b1-2-g02819fbbbe (webtiles) character file.

Game seed: 3521344497918865639

383 LLlMATKO the Trooper (level 6, -1/84 HPs)
             Began as a Minotaur Berserker on July 24, 2023.
             Was a Believer of Trog.
             Slain by a gnoll bouda
             ... wielding a +0 club
              (6 damage)
             ... on level 4 of the Dungeon.
             The game lasted 00:02:20 (3375 turns).

LLlMATKO the Trooper (Minotaur Berserker)           Turns: 3375, Time: 00:02:21

Health: -1/84      AC: 10    Str: 24    XL:     6   Next: 47%
Magic:  5/5        EV:  9    Int:  4    God:    Trog [**....]
Gold:   233        SH:  0    Dex:  9    Spells: 5/5 levels left

rFire   . . .        a - +0 hand axe
rCold   . . .        (no shield)
rNeg    . . .        z - +0 chain mail
rPois   .            (helmet restricted)
rElec   .            w - +0 cloak
rCorr   .            (no gloves)
SInv    .            (no boots)
Will    .....        (no amulet) Stlth
                     (no ring)
HPRegen 0.34/turn    (no ring)
MPRegen 0.09/turn

%: no passive effects
@: berserking (expiring), lethally poisoned (-1 -> -26), weakened, very quick
A: horns 2, retaliatory headbutt
a: Renounce Religion, Berserk, Trog's Hand


You were on level 4 of the Dungeon.
You worshipped Trog.
Trog was pleased with you.
You visited 1 branch of the dungeon, and saw 4 of its levels.

You collected 233 gold pieces.

Inventory:

Hand Weapons
 a - a +0 hand axe (weapon)
Missiles
 k - 2 boomerangs (quivered)
 l - 5 curare-tipped darts
Armour
 w - a +0 cloak (worn)
 z - a +0 chain mail (worn)
Jewellery
 c - an amulet of faith
 x - an amulet of reflection
Scrolls
 b - 4 scrolls of teleportation {unknown}
 f - a scroll of noise {unknown}
 h - a scroll of torment {unknown}
 j - 2 scrolls of enchant weapon {unknown}
 n - a scroll of magic mapping {unknown}
 q - a scroll of vulnerability {unknown}
 s - 2 scrolls of identify {unknown}
 t - a scroll of poison {unknown}
 u - a scroll of immolation {unknown}
 v - a scroll of silence {unknown}
 y - a scroll of fear {unknown}
Potions
 d - a potion of cancellation {unknown}
 e - a potion of haste {unknown}
 g - 2 potions of heal wounds {unknown}
 i - 2 potions of berserk rage {unknown}
 m - 2 potions of attraction {unknown}
 o - a potion of curing {unknown}
 p - a potion of might {unknown}
 r - a potion of mutation {unknown}
 A - 4 potions of brilliance {unknown}


   Skills:
 + Level 5.3 Fighting
 + Level 5.3 Axes
 + Level 4.6 Armour
 + Level 4.3 Dodging


You had 5 spell levels left.
You didn't know any spells.
Your spell library was empty.

Dungeon Overview and Level Annotations

Branches:
Dungeon (4/15)
 Temple: D:4-7

Altars:
Elyvilon
Nemelex Xobeh

Shops:
D:2 =   D:4 !


Innate Abilities, Weirdness & Mutations

You have a pair of horns on your head.
You reflexively headbutt those who attack you in melee.


Message History

The gnoll barely misses you. You furiously retaliate!
You headbutt the gnoll.
Unknown command.
You hit the gnoll bouda.
The gnoll bouda is moderately wounded.
You hit the gnoll.
You kill the gnoll!
Trog accepts your kill.
You closely miss the gnoll.
You feel very sick.
The gnoll hits you from afar with a +0 spear.
* * * LOW HITPOINT WARNING * * *
The gnoll barely misses you.
The gnoll bouda gazes fiercely through you!
You feel as though you will be weak longer.
You feel very sick.
The gnoll hits you with a +1 spear of venom.
* * * LOW HITPOINT WARNING * * *
You are lethally poisoned!
The gnoll hits you with a +0 spear.
* * * LOW HITPOINT WARNING * * *
The gnoll hits you but does no damage.
The gnoll bouda hits you but does no damage.
You slash the gnoll!
The gnoll is severely wounded.
You hit the gnoll. You completely miss the gnoll. You hit the gnoll bouda.
* * * LOW HITPOINT WARNING * * *
You feel very sick. The gnoll hits you but does no damage.
You are more poisoned.
The gnoll hits you but does no damage. x2
You closely miss the gnoll.
The gnoll is severely wounded.
You hit the gnoll.
You kill the gnoll!
Trog accepts your kill.
You slash the gnoll bouda! You hit the gnoll.
* * * LOW HITPOINT WARNING * * *
You feel very sick.
The gnoll bouda hits you with a +0 club.
You die...

....>..............
#...........≈≈≈.........
#...........≈∩~.........
............≈~≈.........
..................).....
........................
........................
........)...............
......g@................
......g)g...............
###################.#...
###.#... #...#...
#...#... #)..#...
#...#### #...#


You could see a gnoll bouda and 2 gnolls.

Vanquished Creatures
  Menkaure (D:4)
  Blork the orc (D:4)
  A scorpion (D:4)
  An orc wizard (D:4)
  2 gnolls (D:4)
  2 adders
  An ufetubus (D:4)
  2 worms (D:3)
  8 orcs (D:4)
  6 ball pythons
  4 bats
  4 endoplasms (D:1)
  3 giant cockroaches
  4 goblins
  4 hobgoblins
  5 jackals
  10 kobolds
  3 quokkas
  5 rats
67 creatures vanquished.

Notes
Turn   | Place    | Note
-------+----------+-------------------------------------------
     0 | D:1      | LLlMATKO the Minotaur Berserker began the quest for the
                  | Orb.
     0 | D:1      | Reached XP level 1. HP: 19/19 MP: 0/0
   152 | D:1      | Reached XP level 2. HP: 20/27 MP: 1/1
  1008 | D:2      | Reached XP level 3. HP: 33/33 MP: 2/2
  1237 | D:2      | Found Erub's Jewellery Boutique.
  1486 | D:2      | Reached ** piety under Trog
  2265 | D:3      | Found a sparkling altar of Nemelex Xobeh.
  2280 | D:3      | Found a white marble altar of Elyvilon.
  2321 | D:3      | Reached XP level 4. HP: 40/40 MP: 3/3
  2810 | D:4      | Noticed a scorpion
  2818 | D:4      | Killed a scorpion
  2819 | D:4      | Reached XP level 5. HP: 46/47 MP: 4/4
  2934 | D:4      | Noticed Blork the orc
  2940 | D:4      | Killed Blork the orc
  2941 | D:4      | Reached skill level 5 in Fighting
  2941 | D:4      | Reached skill level 5 in Axes
  3029 | D:4      | Noticed Menkaure
  3038 | D:4      | Killed Menkaure
  3039 | D:4      | Reached XP level 6. HP: 33/56 MP: 5/5
  3318 | D:4      | Found Xiwuuss's Distillery.
  3375 | D:4      | Slain by a gnoll bouda

Illustrated notes

Levels and vault maps discovered:
D:1:      dpeg_arrival_three_same_balls, layout_basic,
          hangedman_abyss_or_decor_stabs
D:2:      layout_basic, serial_shops, shop
D:3:      layout_loops_corners, lemuel_doored_altar,
          nicolae_elyvilon_peaceful_grove
D:4:      layout_basic, minmay_temple_entry_hall, serial_shops,
          nicolae_shop_industrial_runoff, uniq_natasha, uniq_menkaure,
          uniq_blork_the_orc

Skill      XL: |  1  2  3  4  5 |
---------------+----------------+-----
Fighting       | 4 5 |  5.3
Axes           | 4 5 |  5.3
Armour         | 3 4 |  4.6
Dodging        | 3 4 |  4.3

Action                     |  1- 3 |  4- 6 || total
---------------------------+-------+-------++-------
  Melee: Hand axe          |    87 |    60 ||   147
         Headbutt          |    10 |     9 ||    19
         Punch             |     2 |       ||     2
 Invoke: Berserk           |       |     3 ||     3
 Armour: Animal skin       |     4 |       ||     4
         Ring mail         |    17 |     7 ||    24
         Chain mail        |       |    30 ||    30
  Dodge: Dodged            |    48 |    31 ||    79
